cohdb
Replays
Latest Replays
All Replays
Popular Replays
Top Player Replays
Match Explorer
How It Works
Community
CoH3 Stats
Reddit
Sign in to upload your games and track your stats! →
Sign in with Steam
Match 46564665
Unlisted
Match 46564665
Overview
Messages
Build Orders
End
Panzergrenadier Squad
Kradschützen Motorcycle Team
Panzergrenadier Squad
Construct Light Support Kompanie
Panzergrenadier Squad
Fire Support Elements
Flakvierling Half-track
Panzerjäger Mechanized Group
Vehicle Survival Package
Flakvierling Half-track
Panzerjäger Squad
Flakvierling Half-track
Selects Armored Support Battlegroup
Selects Veteran Gunners
Selects Flammpanzer III Medium Tank
Panzerjäger Mechanized Group
Pak 38 Anti-tank Gun Team
Sad Pepe
gio_misro
Jenasaie
Tigrou
0
0
Comments
sign in to comment!
No comments posted yet!